[Event "87th Tata Steel Challengers 2025"]
[Site "Wijk aan Zee"]
[Date "2025.02.01"]
[Round "12.1"]
[White "Yakubboev, Nodirbek"]
[Black "Pijpers, Arthur"]
[Result "1-0"]
[Annotator "ChessBase"]
[ECO "D94"]
[WhiteElo "2659"]
[BlackElo "2474"]
[PlyCount "71"]
[EventDate "2025.01.13"]
[EventType "tourn"]
[EventCountry "NED"]
[SourceTitle "playchess.com"]
[Source "ChessBase"]
[SourceQuality "1"]
[TimeControl "40/6000+30:20/3000+30:900+30"]

1. Nf3 Nf6 2. c4 c5 3. Nc3 d5 4. cxd5 Nxd5 5. d4 Nxc3 6. bxc3 g6 7. e3 Bg7 8. Bc4 O-O 9. O-O Qc7 10. Bd3 Rd8 11. Ba3 b6 12. Qe2 Nc6 13. Rac1 Bb7 14. Rfd1 e6 15. h4 Qe7 16. e4 Qf6 17. Bb2 Qf4 18. g3 Qg4 19. Qe3 cxd4 20. cxd4 Rac8 21. Be2 Qh5 22. Ng5 Qh6 23. Qf4 Rf8 24. Ba1 a6 25. d5 e5 26. Qe3 Nd4 27. Bxd4 exd4 28. Qb3 Rxc1 29. Rxc1 Bf6 30. Rc7 Bc8 31. Nxf7 Qd2 32. d6 Qe1+ 33. Bf1 Bg7 34. Nh6+ Kh8 35. Qg8+ Rxg8 36. Nf7# 1-0

[Event "87th Tata Steel Challengers 2025"]
[Site "Wijk aan Zee"]
[Date "2025.02.01"]
[Round "12.2"]
[White "Suleymanli, Aydin"]
[Black "Svane, Frederik"]
[Result "1-0"]
[Annotator "TA"]
[ECO "D35"]
[WhiteElo "2623"]
[BlackElo "2664"]
[PlyCount "167"]
[EventDate "2025.01.13"]
[EventType "tourn"]
[EventCountry "NED"]
[SourceTitle "playchess.com"]
[Source "ChessBase"]
[SourceQuality "1"]
[TimeControl "40/6000+30:20/3000+30:900+30"]

1. d4 Nf6 2. c4 e6 3. Nc3 d5 4. cxd5 exd5 5. Bg5 Be7 6. e3 O-O 7. Bd3 h6 8. Bh4 c6 9. Nge2 {[%emt 0:00:59] 9.Bg3 is the modern continuation. D35: Queen's Gambit Declined: Exchange Variation.} Re8 10. O-O a5 11. Qc2 {[%emt 0:01:44] White has an edge.} Nbd7 12. Bg3 Bf8 13. h3 b5 14. Rac1 Ba6 15. Rfd1 Qb6 16. e4 $146 (16. Bf4 b4 17. Na4 Bxd3 18. Qxd3 Qb7 19. Rc2 Rac8 20. Rdc1 Ne4 21. Bh2 g6 22. Qd1 {1-0 Nikolaou,S (2180)-Malataras,G (1976) Aegean op 46th 2023 (5)}) 16... b4 {[%emt 0:07:20] aiming for ...Bxd3.} 17. Na4 Bxd3 $1 18. Rxd3 Qb5 19. e5 Ne4 20. Qd1 Rac8 21. b3 Qb7 22. Bf4 c5 23. f3 Ng5 24. dxc5 Nxc5 25. Rxd5 Nge6 26. Nxc5 Bxc5+ 27. Kh1 Qa8 28. Rc2 a4 29. Bg3 axb3 30. axb3 Qa3 31. Qb1 Qa8 32. Rd1 Rcd8 33. Nf4 Rxd1+ 34. Qxd1 Rd8 35. Qb1 {[%emt 0:04:20] And now Nxe6 would win.} Nxf4 36. Bxf4 (36. Rxc5 {is more complex.} Nxh3 37. e6 fxe6 38. Rc7) 36... Bd4 37. Ra2 Qc8 38. Rd2 Bc3 39. Rd6 Re8 40. Qd3 Qa8 41. Kh2 {[%emt 0:52:35] White is more active.} Qa5 42. Rd5 Qa1 43. Qc4 (43. Bg3 $142) 43... Qb1 $16 44. Rd3 Qc2 {[%emt 0:04:12] [#]} (44... Be1 $16) 45. Bg3 $1 $18 Qb1 46. f4 Ra8 (46... Bb2 $142 47. Bf2 Bc3) 47. Bh4 Re8 48. Bf2 Ra8 (48... Rf8 $142 49. Be3 Ra8) 49. Qd5 (49. Qe4 $18 Re8 50. Qc6) 49... Re8 $16 50. Bc5 Qc1 51. Be3 Qb1 52. Qc4 Ra8 53. e6 fxe6 54. Qxe6+ Kh8 55. Qd5 Rf8 56. Qd6 (56. Qc4 $142) 56... Kg8 (56... Rf6 $16 {keeps fighting.} 57. Qd5 Kh7) 57. Qe6+ Kh8 {[%emt 0:00:01] [#]} 58. Bd4 $2 Kh7 $4 (58... Qxd3 $19 {avoids the disaster.} 59. Qxh6+ Qh7) 59. Qe7 $18 Rg8 60. Qe4+ Kh8 {[%emt 0:00:00] [#]} 61. Qd5 $1 $40 {[%emt 0:15:42][%mdl 128] Black is in trouble.} Qb2 (61... Qc1 62. Qd6) 62. Qc4 Bxd4 63. Qxd4 {[%emt 0:00:18][%mdl 4096] Endgame KQR-KQR. White is a pawn up.} Qe2 64. Re3 {[%emt 0:00:48] Dodges Re8} Qf2 65. Re4 $1 Qxd4 66. Rxd4 {[%emt 0:00:02] KR-KR. White is a pawn up.} Rb8 67. f5 Rb5 68. g4 h5 $2 (68... Kg8 69. h4 h5) 69. Kg3 (69. gxh5 Rxf5 70. Rxb4 Rxh5 $14) 69... hxg4 70. hxg4 Kg8 71. Kf4 g6 (71... Rb8 $142 72. Rd6 Kf8) 72. fxg6 Kg7 73. Ke3 (73. Rd6 Rb8 74. Ke4 Re8+ 75. Kd4 Rc8 $16) 73... Kxg6 {[%emt 0:00:43] White is clearly winning.} 74. Kd3 Kg5 75. Kc4 Rb8 76. Kc5 Kf6 77. Rxb4 Rc8+ 78. Kd4 Rd8+ 79. Ke3 Rh8 80. Kf4 Rh3 81. Rb6+ Kf7 82. b4 Rc3 83. g5 Rc1 84. Ke5 {[%emt 0:00:30] Weighted Error Value: White=0.22 (precise) /Black=0.22 (precise)   Loses game:     	White=1     	---        Missed win:     	---       	Black=1      Mistake:       	White=3     	Black=6      Inaccurate:     	White=2     	Black=1      OK:         	White=30    	Black=25     Best:        	White=6     	Black=4      Strong:       	White=2     	Black=1} 1-0

[Event "87th Tata Steel Challengers 2025"]
[Site "Wijk aan Zee"]
[Date "2025.02.01"]
[Round "12.3"]
[White "Oro, Faustino"]
[Black "Lu, Miaoyi"]
[Result "1-0"]
[Annotator "TA"]
[ECO "C78"]
[WhiteElo "2447"]
[BlackElo "2429"]
[PlyCount "91"]
[EventDate "2025.01.13"]
[EventType "tourn"]
[EventCountry "NED"]
[SourceTitle "playchess.com"]
[Source "ChessBase"]
[SourceQuality "1"]
[TimeControl "40/6000+30:20/3000+30:900+30"]

1. e4 e5 2. Nf3 Nc6 3. Bb5 a6 4. Ba4 Nf6 5. O-O Bc5 6. c3 b5 7. Bb3 d6 8. d3 h6 9. Re1 O-O 10. h3 Re8 11. Nbd2 Bb6 {[%emt 0:04:55] C78: Ruy Lopez: Archangelsk and Möller Defences.} 12. Nf1 Be6 13. Bxe6 Rxe6 {[%emt 0:00:24] The position is equal.} 14. Ng3 d5 15. Qe2 Qd7 16. Nh4 $146 (16. Be3 Bxe3 17. Qxe3 Rd8 18. a4 b4 19. Qc5 bxc3 20. bxc3 Qe7 21. Qxe7 Nxe7 22. exd5 Nexd5 {½-½ Urazayev,A (2472)-Cheparinov,I (2663) Wch Blitz Samarkand 2023 (16)}) 16... Bc5 (16... Kh7 {seems wilder.} 17. Nhf5 Rd8 18. Be3 Bxe3 19. Qxe3 Ne7) 17. Nhf5 Bf8 18. h4 Rd8 19. Be3 $1 d4 20. cxd4 exd4 21. Bd2 Nb4 22. Rec1 {[%emt 0:01:48] Wards off Nc2} c5 (22... a5 $1 $11) 23. Bxb4 $14 cxb4 24. h5 {[%emt 0:00:08] White has a king side majority. Strong Square White (f5)} a5 25. Qc2 g6 26. hxg6 fxg6 27. Nh4 {[%emt 0:00:15] Excellent horsemanship.} Ng4 28. Nf3 Bg7 (28... Bd6 $11 {remains equal.}) 29. Ne2 ({White should try} 29. Qc7) 29... Rf8 ({Black should try} 29... Ne5) 30. Qc7 $36 {[%emt 0:01:21][%mdl 2048] White is really pushing.} Re7 31. Qxd7 (31. Qxa5 Ref7 $11) 31... Rxd7 32. Rc5 Rdf7 (32... Rb7 $16 33. Rac1 (33. Nexd4 Nxf2 34. Ne6 Nxd3 $17) 33... a4) 33. Rac1 $18 (33. Nexd4 Bxd4 34. Nxd4 Rxf2 $19 (34... Nxf2 35. Rxb5 Nxd3 36. Rxa5 $11)) 33... h5 34. Rc8 (34. Nfxd4 Rxf2 (34... Nxf2 $2 35. Rd5 $19) 35. g3 Ne3 36. Rxb5 Rg2+ 37. Kh1 Rff2 $19) (34. Nexd4 Bxd4 (34... Nxf2 35. Rc8 $17) 35. Nxd4 Rxf2 $15) 34... h4 35. R1c6 (35. Nxh4 Rxf2 (35... Nxf2 $2 36. Nxg6 Rxc8 37. Rxc8+ Kh7 38. Ngf4 $18) 36. Nxg6 Rxc8 (36... Rxe2 $2 37. Nxf8 Bh6 38. Nd7+ Kg7 39. R8c2 $18) 37. Rxc8+ Kf7 $19) 35... h3 36. Rxf8+ (36. Nexd4 $6 Bxd4 37. Nxd4 h2+ 38. Kh1 Nxf2+ 39. Kxh2 Rxc8 40. Rxc8+ Kg7 $14) (36. gxh3 Rxf3 37. hxg4 Rxd3 $11) 36... Rxf8 37. Nexd4 (37. Nfxd4 $2 h2+ (37... Rxf2 $2 38. gxh3 Bxd4 39. Nxd4 $18) (37... Nxf2 38. Rxg6 Nxd3 39. Rg3 $16) 38. Kh1 Rxf2 $19) (37. gxh3 Rxf3 38. hxg4 Rxd3 $17) (37. Rxg6 $142 h2+ 38. Nxh2 Nxf2 39. b3 (39. Nxd4 Nxd3 40. Rg3 Nc1 $16)) 37... h2+ 38. Nxh2 Nxh2 $2 {[%emt 0:01:06] [#] Black cannot hold the game after this.} (38... Nxf2 $2 39. Ne6 (39. Nxb5 Nxd3 40. Rxg6 Nxb2 $14) 39... Nxd3 40. Nxf8 Kxf8 41. Rc8+ (41. Rxg6 Bxb2 42. Rg5 Bc3 $16) 41... Kf7 42. Rc7+ Kg8 43. b3 $18) (38... Ne5 $16) 39. Rxg6 ({Not} 39. Ne6 Rf6 $16) 39... Rf7 (39... b3 40. axb3 (40. Kxh2 $2 bxa2 41. Nf5 Rxf5 $19) 40... Rf6) 40. Nf5 {[%emt 0:00:18] White is clearly winning.} (40. Kxh2 Kh7 (40... Rxf2 $2 {is the wrong capture.} 41. Nf5 $18) 41. Rxg7+ Kxg7 $16) 40... Kf8 41. Nxg7 a4 42. Ne6+ Ke8 43. Nd4 Rd7 44. Nxb5 Kf7 45. Rd6 Rb7 46. Rd5 {[%emt 0:00:00] Weighted Error Value: White=0.14 (very precise) /Black=0.60  Loses game:     	---       	Black=1      Mistake:       	White=2     	Black=6      Inaccurate:     	White=3     	Black=2      OK:         	White=12    	Black=6      Best:        	White=5     	Black=1      Strong:       	White=1     	---} 1-0

[Event "87th Tata Steel Challengers 2025"]
[Site "Wijk aan Zee"]
[Date "2025.02.01"]
[Round "12.4"]
[White "L'Ami, Erwin"]
[Black "Nogerbek, Kazybek"]
[Result "1/2-1/2"]
[Annotator "TA"]
[ECO "C45"]
[WhiteElo "2614"]
[BlackElo "2514"]
[PlyCount "120"]
[EventDate "2025.01.13"]
[EventType "tourn"]
[EventCountry "NED"]
[SourceTitle "playchess.com"]
[Source "ChessBase"]
[SourceQuality "1"]
[TimeControl "40/6000+30:20/3000+30:900+30"]

1. e4 e5 2. Nf3 Nc6 3. d4 exd4 4. Nxd4 Bc5 5. Nxc6 Qf6 6. Qf3 dxc6 {[%emt 0:00:12] 6...Qxf3 is the modern continuation.} 7. Nc3 {[%emt 0:02:49] C45: Scotch Game.} Qe7 8. Bd3 Nf6 9. Be3 Be6 $146 (9... Ng4 10. Bxc5 Qxc5 11. Qg3 Be6 12. f4 O-O-O 13. f5 Bxf5 14. exf5 Ne3 15. Kd2 Nc4+ {1-0 Jones,G (2660)-McShane,L (2644) GBR-ch playoff 104th 2017 (2.1)}) 10. Bxc5 Qxc5 11. O-O O-O-O 12. Rfe1 Ng4 13. h3 Ne5 14. Qe3 Qxe3 15. Rxe3 g5 16. Be2 Rd2 17. Rc1 Rhd8 {[%emt 0:00:29] Strong Rooks Black (d2+d8)} 18. b3 c5 19. Kf1 c6 20. Ke1 f6 21. Rd1 R2d4 (21... Rxc2 22. Rxd8+ Kxd8 23. Kd1 $16) 22. Nb1 Kc7 23. Rd2 a5 24. Kd1 b5 25. Kc1 a4 26. c3 Rxd2 27. Nxd2 a3 28. c4 b4 29. Nf3 Kd6 30. Ne1 Rh8 31. Bf1 h5 32. g3 Ng6 33. Nd3 g4 (33... h4 {seems wilder.} 34. f4 hxg3 35. f5 Nh4) 34. h4 Ne5 35. Nxe5 Kxe5 $11 {[%emt 0:00:59][%mdl 4096] Endgame KRB-KRB} 36. Rd3 $1 {[%emt 0:00:51] Repels Rd8} Rh7 (36... Kxe4 $2 37. Re3+ Kd4 38. Rxe6 $18) 37. Kd2 Rf7 (37... Kxe4 $2 38. Re3+ Kd4 39. Bd3 $18 (39. Rxe6 f5 $18)) 38. Bg2 Rb7 {[%emt 0:02:05][%cal Oe6c4] [#]} 39. Kc1 (39. Ke2 $11) 39... Rd7 $1 $15 40. Rxd7 ({White should try} 40. Kc2 $15) 40... Bxd7 {[%emt 0:00:01] KB-KB} 41. Kd2 Kd4 42. Bf1 Be8 $2 (42... Kxe4 $19 {is more deadly. White must now prevent ...Kf3.} 43. Bd3+ Kf3) 43. e5 $2 Kxe5 $2 ({Black should try} 43... fxe5 $19 44. Bd3 Bf7) 44. Bd3 $11 {[%emt 0:01:09] The position is equal.} Kd4 45. Bc2 Bf7 46. Bd3 Be6 47. Kc2 Ke5 (47... f5 $5) 48. Kd2 Bf5 49. Bxf5 Kxf5 {[%emt 0:00:12] KP-KP. Black is a pawn up.} 50. Ke3 Ke5 51. f4+ gxf3 (51... Kf5 $5) 52. Kxf3 {[%emt 0:00:06] [#]} Kf5 ({Not} 52... Kd4 $2 53. g4 Kc3 (53... hxg4+ $2 54. Kxg4 Kc3 55. h5 $18) 54. g5 $18) (52... f5 $5) 53. g4+ $1 hxg4+ 54. Kg3 Ke4 {[%emt 0:00:36] ( -> ...f5)} 55. Kxg4 f5+ 56. Kg3 $1 Ke3 57. Kg2 $1 Ke2 {[%emt 0:00:23] ( -> ...f4)} (57... Kf4 $5 58. Kh3 $8 Ke3 $11) 58. Kg3 {[%emt 0:00:06] White threatens Kf4 and mate.} Ke3 {[%emt 0:00:04] ( -> ...f4+)} 59. Kg2 $1 Kf4 {[%emt 0:01:45] ( -> ...Kg4)} (59... Ke2 $5 60. Kg3 $8 Ke3 $11) 60. Kh3 Ke3 $1 {[%emt 0:00:06] Weighted Error Value: White=0.29 (precise) /Black=0.24 (precise)   Loses game:     	White=2     	---        Missed win:     	---       	Black=2      Mistake:       	White=1     	---        Inaccurate:     	White=2     	Black=1      OK:         	White=27    	Black=19     Best:        	White=3     	Black=3      Strong:       	White=5     	Black=2} 1/2-1/2

[Event "87th Tata Steel Challengers 2025"]
[Site "Wijk aan Zee"]
[Date "2025.02.01"]
[Round "12.5"]
[White "Deshmukh, Divya"]
[Black "Bok, Benjamin"]
[Result "0-1"]
[Annotator "TA"]
[ECO "D55"]
[WhiteElo "2490"]
[BlackElo "2583"]
[PlyCount "258"]
[EventDate "2025.01.13"]
[EventType "tourn"]
[EventCountry "NED"]
[SourceTitle "playchess.com"]
[Source "ChessBase"]
[SourceQuality "1"]
[TimeControl "40/6000+30:20/3000+30:900+30"]

1. d4 Nf6 2. c4 e6 3. Nc3 d5 4. Bg5 Be7 5. Nf3 O-O 6. e3 h6 7. Bxf6 Bxf6 8. Rc1 c6 9. Bd3 Nd7 10. O-O a6 11. a3 dxc4 $5 {[%emt 0:10:24][%mdl 4] An interesting side line. D55: Queen's Gambit Declined: 4 Bg5 Be7: Lines without ...h6 and 6...h6 7 Bxf6.} 12. Bxc4 b5 13. Ba2 c5 {[%emt 0:01:12] The position is equal.} 14. dxc5 Nxc5 15. Nd4 Bb7 $146 (15... Qb6 16. b4 Nd7 17. Ne4 Bb7 18. Nc5 Nxc5 19. bxc5 Qa5 20. c6 Bc8 21. Qd3 Qc7 {0-1 Toshkov,T (2435)-Zlatilov,I (2385) BUL-ch Elenite 1987 (8)}) 16. Ncxb5 axb5 {[%emt 0:00:24] Black sacrificed a pawn} 17. Rxc5 b4 18. Bb1 Bxd4 (18... bxa3 19. Qc2 Re8 (19... g6 $2 20. Nxe6 Qb6 21. Nxf8 $18) 20. Qh7+ Kf8 21. bxa3 $14) 19. exd4 bxa3 20. bxa3 Rxa3 21. Qc2 g6 {[%emt 0:01:02] Successful Defense Black Active counter play!} (21... Qxd4 22. Qh7#) 22. Qc1 (22. Qd2 Ra1 23. h3 h5 24. Qc3) 22... Ra1 23. Qxh6 {[%emt 0:06:07] Counterplay Black} Qxd4 24. Rh5 Rd8 {[%emt 0:08:52][%cal Ob7a6] Chess con chili.} (24... gxh5 25. Qh7#) 25. Rh4 Qf6 26. Qh7+ Kf8 27. Rf4 Qg7 (27... Qxf4 {is more complex.} 28. Qh8+ Ke7 29. Qxa1 Qg4) 28. Qxg7+ Kxg7 29. Bd3 Ra2 30. Bb1 Rb2 31. Ra4 {[%emt 0:00:05] Repels Ba6} Rdd2 32. Be4 $1 {[%emt 0:00:06] Repels Bc6} Bc8 33. Raa1 f5 34. Bf3 e5 35. Rad1 e4 36. Rxd2 Rxd2 $15 {[%emt 0:00:05][%mdl 4096] Endgame KRB-KRB} 37. Bd1 Bb7 38. Re1 Ba6 39. h4 Bb5 40. g3 Rb2 41. Kg2 (41. f4 $15) 41... Kf6 (41... Rb1 $1 $19 42. f3 e3 (42... Ba4 43. Bxa4 Rxe1 44. fxe4 $17) 43. Rxe3 Rxd1) 42. h5 Bc6 (42... Rd2 $17 {[%cal Oe4e3] Hoping for ...e3!.} 43. Kg1 g5) 43. Re3 g5 44. Rc3 Bd5 45. Kf1 f4 46. gxf4 gxf4 47. Ke1 {[%emt 0:00:55] Dodges e3} f3 48. Rc5 Ke5 49. h6 {[%emt 0:00:13][%cal Bh5h6,Bh6h7][%mdl 32] And now h7 would win.} Rb7 50. Ra5 Kd4 51. Bc2 Rb6 52. h7 Rh6 53. Ra7 Rh2 (53... Kc3 $5 54. Rc7+ $8 Kd4 $11 (54... Bc4 55. Rxc4+ Kxc4 56. Bxe4 $11)) 54. Rc7 {[%emt 0:00:28] [#]} (54. Kd1 $11 {keeps the balance.}) 54... Be6 $1 $17 55. Ba4 Bf5 56. Bb5 Bxh7 57. Rd7+ Kc5 58. Ba6 Bf5 59. Rd8 Kb6 (59... Bg6 $17) 60. Rd6+ Kc5 {[%emt 0:00:25][%cal Oe4e3] ( -> ...e3!)} (60... Kc7 $5 61. Rf6 $8 Bd7 $11) 61. Rd8 {[%emt 0:15:01] [#]} e3 $1 62. fxe3 {[%emt 0:00:33] [#]} f2+ $1 63. Kd1 Bg4+ 64. Kc1 Rh1+ (64... Rh6 {simplifies} 65. Rf8 Rxa6 66. Rxf2 Kc4) 65. Kb2 f1=Q {[%emt 0:00:18] Against Rf8} (65... f1=R $2 66. Bxf1 Rxf1 67. Rd4 $19) 66. Bxf1 Rxf1 {[%emt 0:00:05] KRB-KR} 67. Rd4 Be6 68. Kc3 Ra1 69. Kd3 $1 Bd5 70. Ke2 Ra2+ 71. Rd2 Bc4+ 72. Ke1 Ra3 73. Kf2 Bd3 74. Kf3 Kc4 75. Rh2 Ra8 76. Rh4+ Kc3 77. Rd4 Kd2 78. Kf2 Re8 79. Ra4 Re7 (79... Rxe3 80. Ra2+ Kc3 81. Ra3+ Kd4 82. Ra4+ Kc5 83. Rc4+ Kd6 84. Kxe3 $11) 80. Ra2+ Bc2 81. Rb2 Rf7+ ({Much weaker is} 81... Rxe3 82. Rxc2+ Kxc2 83. Kxe3 $11) 82. Kg3 Kd3 83. Ra2 Bd1 84. Ra8 Bf3 85. Ra3+ Ke2 86. Rb3 Be4 87. Kg4 Bd3 88. e4 Ke3 (88... Bxe4 $2 89. Ra3 $19) 89. Ra3 Kxe4 90. Ra4+ Ke3 91. Kg5 Rf5+ 92. Kg4 Rb5 93. Ra3 Rb6 94. Ra5 Rb1 95. Kg5 Rg1+ 96. Kf6 Rg6+ 97. Ke7 Kd4 98. Ra4+ Bc4 99. Ra1 Bd5 100. Re1 Be4 101. Kd7 Ke5 102. Kc7 Rc6+ 103. Kd7 Rb6 104. Rc1 Rh6 105. Re1 Rh7+ 106. Kc8 Kd5 107. Kd8 Ra7 108. Ke8 Bg6+ 109. Kf8 Kd6 110. Rc1 Be4 111. Re1 Bf5 112. Rc1 Be6 113. Rf1 {[%emt 0:00:16] Prevents Rf7+.} Ke5 (113... Ra8+ $17 114. Kg7 Rg8+ 115. Kh6 Rg2) 114. Ke8 Bc4 115. Rc1 Ke6 116. Kf8 Kf6 117. Ke8 $1 Be6 {[%emt 0:00:31] ( -> ...Ra8+)} 118. Rf1+ Bf5 119. Rd1 $1 Rc7 120. Rd2 Bg4 121. Rd3 Be6 122. Rd1 Rh7 123. Kd8 $1 Ke5 124. Ke8 Bd5 125. Re1+ Kd6 (125... Kf4 $15) 126. Kf8 (126. Kd8 $11) 126... Rf7+ (126... Kc5 $15 127. Re5 Kd6) 127. Ke8 $1 $11 Rf3 {[%emt 0:00:38] ( -> ...Bc6+)} 128. Rd1 $2 (128. Kd8 $11) 128... Rf2 129. Rd4 Re2+ {[%emt 0:00:38] Weighted Error Value: White=0.13 (very precise) /Black=0.13 (very precise)   Loses game:     	White=1     	---        Mistake:       	White=3     	Black=6      Inaccurate:     	White=6     	Black=3      OK:         	White=43    	Black=46     Best:        	White=8     	Black=4      Strong:       	White=6     	Black=2} 0-1

[Event "87th Tata Steel Challengers 2025"]
[Site "Wijk aan Zee"]
[Date "2025.02.01"]
[Round "12.6"]
[White "Nguyen, Thai Dai Van"]
[Black "Bulmaga, Irina"]
[Result "1-0"]
[Annotator "ChessBase"]
[ECO "E73"]
[WhiteElo "2668"]
[BlackElo "2386"]
[PlyCount "87"]
[EventDate "2025.01.13"]
[EventType "tourn"]
[EventCountry "NED"]
[SourceTitle "playchess.com"]
[Source "ChessBase"]
[SourceQuality "1"]
[TimeControl "40/6000+30:20/3000+30:900+30"]

1. d4 Nf6 2. c4 g6 3. Nc3 Bg7 4. e4 d6 5. Be2 O-O 6. Be3 Nc6 7. d5 Ne5 8. Rc1 e6 9. f4 Ned7 10. dxe6 fxe6 11. Nh3 b6 12. O-O Bb7 13. Bf3 Nc5 14. Bxc5 bxc5 15. Ng5 Qe8 16. e5 Bxf3 17. Qxf3 dxe5 18. Qh3 exf4 19. Rce1 Qd7 20. Rd1 Qc6 21. Rxf4 Nh5 22. Rxf8+ Rxf8 23. Qxe6+ Qxe6 24. Nxe6 Bxc3 25. Nxf8 Bd4+ 26. Rxd4 cxd4 27. Ne6 d3 28. Kf2 Kf7 29. Nxc7 d2 30. Ke2 Nf4+ 31. Kxd2 Nxg2 32. b4 Nh4 33. Ke2 Ke7 34. Nb5 a6 35. Nc7 a5 36. bxa5 Kd7 37. Nb5 Nf5 38. a6 Kc8 39. c5 Ne7 40. Kf3 Nc6 41. a3 h5 42. Kf4 Nd8 43. Ke5 g5 44. Kd5 1-0

[Event "87th Tata Steel Challengers 2025"]
[Site "Wijk aan Zee"]
[Date "2025.02.01"]
[Round "12.7"]
[White "Gurel, Ediz"]
[Black "Vaishali, Rameshbabu"]
[Result "1-0"]
[Annotator "TA"]
[ECO "C11"]
[WhiteElo "2624"]
[BlackElo "2476"]
[PlyCount "153"]
[EventDate "2025.01.13"]
[EventType "tourn"]
[EventCountry "NED"]
[SourceTitle "playchess.com"]
[Source "ChessBase"]
[SourceQuality "1"]
[TimeControl "40/6000+30:20/3000+30:900+30"]

1. e4 e6 2. d4 d5 3. Nc3 Nf6 4. e5 Nfd7 5. f4 c5 6. Nf3 Nc6 7. Be3 a6 8. Ne2 {[%emt 0:00:33] C11: French: Classical System: 4 e5 and 4 Bg5 dxe4.} Qb6 {[%emt 0:00:29] The main line 8...Qb6 scores better than 8...b5.} 9. Qc1 Be7 10. c3 {[%emt 0:00:12] The position is equal.} f6 11. h4 {[%emt 0:00:56] 11.exf6 is not played anymore.} O-O 12. h5 h6 13. Rh3 Rf7 14. a3 $1 $146 {[%emt 0:12:32][%mdl 8] A relevant novelty.} (14. Kf2 fxe5 15. fxe5 cxd4 16. cxd4 Bg5 17. Kg1 Bxe3+ 18. Qxe3 Qxb2 19. Rc1 Ne7 20. Nh4 {½-½ Van Foreest,J (2699)-Bacrot,E (2660) ESP-chT CECLUB Honor 2023 (7.2)}) 14... cxd4 15. cxd4 Na5 {[%emt 0:02:49] aiming for ...Nb3.} 16. Qc2 Nc4 17. Bc1 Qa5+ 18. Kd1 fxe5 19. fxe5 Ndb6 (19... Qb6 $11) 20. b3 $1 $14 Bd7 $1 21. Qc3 (21. bxc4 $2 Ba4 22. c5 Bxc2+ $19) 21... Qxc3 22. Nxc3 Na5 23. Kc2 Rc8 24. Kb2 Na8 25. Bd3 b5 26. Ne2 Be8 (26... b4 $16) 27. Bd2 Nc6 (27... b4) 28. Rg3 $18 Kh8 29. Nf4 Rxf4 30. Bxf4 Nb6 31. Rc1 Rb8 32. Rh3 (32. Ka2 $18 {is more deadly.}) 32... Nc4+ $16 33. bxc4 bxc4+ 34. Ka2 cxd3 35. Bd2 {[%emt 0:00:34] Against Na5} Bd8 36. Bc3 (36. Rb1 $16) 36... Na5 $11 37. Nd2 $36 {[%emt 0:00:56][%cal Oc1f1][%mdl 2048] White is pushing.} Bb5 38. a4 Bxa4 39. Rxd3 Bb5 (39... Nc6 $1 $11) 40. Rf3 $14 Bb6 (40... Nc6 $16 {might work better.}) 41. Bxa5 $1 $18 Bxa5 42. Nb3 Bb4 43. Nc5 (43. Rc7 $142) 43... Re8 (43... Bc4+ $16 44. Ka1 Re8) 44. Kb3 $1 a5 45. Rc2 {[%emt 0:00:00] Against Be2} Kg8 46. Nd3 Bc4+ 47. Rxc4 (47. Ka4 $18) 47... dxc4+ $16 48. Kxc4 $18 {[%emt 0:00:00][%mdl 4096] Endgame KRB-KRN} Rb8 49. Rf2 ({Better is} 49. Nxb4 $1 $16 Rxb4+ 50. Kc5) 49... Rc8+ {[%emt 0:01:37] This costs Black the game.} ({Black should play} 49... Be7 $14) 50. Nc5 Re8 51. Rf3 Rc8 52. Kb5 Rb8+ {[%emt 0:01:56] [#]} 53. Kc6 $1 {[%emt 0:00:00] Kd7 is the strong threat.} Rc8+ 54. Kb6 Re8 55. Kb7 Re7+ 56. Kc6 Rf7 $2 (56... Ra7 57. Kb6 (57. Nxe6 a4 $16) 57... Re7) 57. Rxf7 (57. Nxe6 a4 58. Nc5 (58. d5 a3 $11) 58... a3 $11) 57... Kxf7 {[%emt 0:00:02] [#] KB-KN} 58. Kd7 $1 g5 59. Nxe6 {[%emt 0:02:06] White wants to mate with Nc5.} a4 60. Nc5 {[%emt 0:00:04] White mates.} Bxc5 61. dxc5 {[%emt 0:15:09] KP-KP. White is a pawn up.} a3 62. e6+ Kg7 63. e7 a2 64. e8=Q (64. e8=B $2 a1=Q (64... a1=B $2 {too greedy.} 65. c6 $18) 65. Bg6 Kf6 $19) 64... a1=Q {[%emt 0:00:03] KQ-KQ. White is a pawn up.} 65. Qg6+ Kf8 66. Qxh6+ Kf7 67. Qg6+ Kf8 68. Qf5+ Kg8 69. Qxg5+ Kh8 70. c6 Qd4+ 71. Kc8 Qc4 72. Qe5+ Kh7 73. c7 Qa6+ 74. Kd8 Qb6 75. Kd7 Qa7 76. Qe4+ Kh8 77. h6 {[%emt 0:00:59] Weighted Error Value: White=0.13 (very precise) /Black=0.49  Missed win:     	White=1     	---        Mistake:       	White=4     	Black=8      Inaccurate:     	White=2     	Black=2      OK:         	White=23    	Black=20     Best:        	White=4     	Black=4      Strong:       	White=3     	Black=1} 1-0